 Dungeon Crawl Stone Soup version 0.29-a0-297-g7659ce593d (webtiles) character file.

Game seed: 15670533251465709830

287 Dabor the Insei (level 6, -10/31 HPs)
             Began as a Vine Stalker Transmuter on Mar 22, 2022.
             Mangled by an iguana (13 damage)
             ... on level 4 of the Dungeon.
             The game lasted 00:09:06 (2417 turns).

Dabor the Insei (Vine Stalker Transmuter)           Turns: 2417, Time: 00:09:06

Health: -10/31     AC:  4    Str: 14    XL:     6   Next: 30%
Magic:  0/11       EV: 12    Int: 13    God:
Gold:   84         SH:  0    Dex: 15    Spells: 8/11 levels left

rFire   . . .      SeeInvis .   h - +9 dagger "Vosetih" {protect, rElec rPois rCorr}
rCold   . . .      Faith    .   (no shield)
rNeg    . . .      Spirit   +   a - +0 robe
rPois   +          Reflect  .   (no helmet)
rElec   +          Harm     .   c - scarf {repulsion}
rCorr   +          Rampage  .   i - +0 pair of gloves
Will    .....                   g - +0 pair of boots
Stlth   ++........              (no amulet)
HPRegen 0.90/turn               (no ring)
MPRegen 0.12/turn               (no ring)

@: repel missiles
A: fangs 2, regeneration 1, magic shield, antimagic bite, no potion heal 2
a: no special abilities


You were on level 4 of the Dungeon.
You visited 1 branch of the dungeon, and saw 6 of its levels.

You collected 84 gold pieces.

Inventory:

Hand Weapons
 h - the +9 dagger "Vosetih" (weapon) {protect, rElec rPois rCorr}
   (You found it on level 2 of the Dungeon)

   It grants its wielder temporary protection when it strikes (+7 to AC).
   rElec:     It insulates you from electricity.
   rPois:     It protects you from poison.
   rCorr:     It protects you from acid and corrosion.
Armour
 a - a +0 robe (worn)
 c - a scarf of repulsion (worn)
 g - a +0 pair of boots (worn)
 i - a +0 pair of gloves (worn)
Scrolls
 d - a scroll of vulnerability
 e - 4 scrolls of fog
 k - a scroll of identify
Potions
 b - a potion of lignification
 f - a potion of heal wounds {unknown}


   Skills:
 + Level 2.3 Fighting
 + Level 1.2 Short Blades
 + Level 2.5 Dodging
 + Level 1.8 Stealth
 + Level 3.8 Unarmed Combat
 + Level 3.2 Spellcasting
 + Level 3.2 Transmutations


You had 8 spell levels left.
You knew the following spells:

 Your Spells              Type           Power      Damage    Failure   Level
a - Beastly Appendage     Tmut           20%        N/A       6%          1
b - Wereblood             Tmut           10%        N/A       9%          2

Your spell library contained the following spells:

 Spells                   Type           Power      Damage    Failure   Level
 Corpse Rot               Necr/Air       4%         N/A       34%         2
 Poisonous Vapours        Pois/Air       4%         N/A       34%         2
 Spider Form              Tmut/Pois      6%         N/A       34%         3
 Ice Form                 Ice/Tmut       6%         N/A       75%         4


Dungeon Overview and Level Annotations

Branches:
Dungeon (6/15)
 Temple: D:4-7

Altars:
Qazlal


Innate Abilities, Weirdness & Mutations

You have extremely sharp teeth.
Your natural rate of healing is unusually fast.
When hurt, damage is shared between your health and your magic reserves.
Your bite disrupts and absorbs the magic of your enemies.
Potions cannot restore your health.


Message History

Your +0 pair of boots unmelds from your body.
You turn into a tree.
Your scarf of repulsion melds into your body.
Your +0 pair of gloves melds into your body.
Your +0 pair of boots melds into your body.
Your +0 robe melds into your body.
The haze of the repulsion field disappears.
Your roots penetrate the ground.
The iguana bites you. x2
You hit the iguana but do no damage.
Your weapon exudes an aura of protection.
The gnoll hits you from afar with a +0 halberd.
* * * LOW HITPOINT WARNING * * *
The iguana bites you but does no damage.
A ball python comes into view.
The iguana bites you!
* * * LOW HITPOINT WARNING * * *
You barely miss the iguana.
As you read the scroll labelled LULO DIOZXI, it crumbles to dust.
You feel a strange sense of stasis.
It was a scroll of teleportation.
The iguana bites you but does no damage. x2
The gnoll hits you but does no damage.
It was a potion of cancellation.
Your magical effects are unravelling.
You feel magically purged.
You feel less wooden.
Your scarf of repulsion unmelds from your body.
Your +0 pair of gloves unmelds from your body.
Your +0 pair of boots unmelds from your body.
Your +0 robe unmelds from your body.
You are surrounded by a repulsion field.
Your primal bloodlust has ended.
The iguana closely misses you.
The iguana bites you but does no damage.
The gnoll barely misses you.
You closely miss the iguana.
The iguana bites you but does no damage.
The gnoll hits you with a +0 club.
* * * LOW HITPOINT WARNING * * *
The iguana bites you!
You die...

..## #..##
#...###
#.....
###....
###.....
#......# #.##
#g@#
.>....#ll#
..)...ggg.#
$......g..#
...........
#...........
#.........#..
)........##.#


You could see a gnoll shaman, 2 iguanas and 4 gnolls.

Vanquished Creatures
  A kobold brigand (D:6)
  A scorpion (D:5)
  2 iguanas
  3 adders
  A white imp (D:5)
  A worm (D:2)
  An orc (D:5)
  4 ball pythons
  4 endoplasms
  4 giant cockroaches
  2 goblins
  8 hobgoblins
  13 jackals
  2 quokkas
  5 bats (D:1)
  12 kobolds
  A rat (D:2)
65 creatures vanquished.

Notes
Turn   | Place    | Note
-------+----------+-------------------------------------------
     0 | D:1      | Dabor the Vine Stalker Transmuter began the quest for the
                  | Orb.
     0 | D:1      | Reached XP level 1. HP: 9/9 MP: 4/4
    26 | D:1      | Reached skill level 1 in Fighting
    38 | D:1      | Reached XP level 2. HP: 6/14 MP: 1/6
   931 | D:1      | Learned a level 2 spell: Wereblood
   955 | D:1      | Reached XP level 3. HP: 15/18 MP: 7/7
  1652 | D:2      | Gained mutation: Your natural rate of healing is unusually
                  | fast. [Vine Stalker growth]
  1652 | D:2      | Reached XP level 4. HP: 6/22 MP: 3/9
  2126 | D:2      | Identified the +9 dagger "Vosetih" {protect, rElec rPois
                  | rCorr}
  2214 | D:3      | You fall into a shaft and drop 3 floors!
  2214 | D:6      | Noticed a kobold brigand
  2225 | D:6      | Killed a kobold brigand
  2226 | D:6      | Reached skill level 1 in Stealth
  2226 | D:6      | Reached XP level 5. HP: 22/26 MP: 6/10
  2316 | D:5      | Entered Level 5 of the Dungeon
  2325 | D:5      | Reached skill level 1 in Short Blades
  2325 | D:5      | Reached XP level 6. HP: 30/30 MP: 11/11
  2334 | D:5      | Found a stormy altar of Qazlal.
  2337 | D:5      | Noticed a fire elemental
  2337 | D:5      | Noticed a water elemental
  2337 | D:5      | Noticed an air elemental
  2417 | D:4      | Mangled by an iguana

Illustrated notes

Levels and vault maps discovered:
D:1:      amcnicky_arrival_feature_with_door, layout_rooms
D:2:      layout_loops_cross, minmay_pentomino_r4
D:3:      layout_rooms, makhleb_altar_promises_db,
          nicolae_tso_swordbearing_angel, serial_shops, shop,
          shapermc_ecumenical_altar_mp_ritualfount, portal_sewer_entry_a,
          uniq_crazy_yiuf_cottage, uniq_natasha, uniq_sigmund
D:4:      layout_cave_pods
D:5:      minmay_bubble_buster, layout_rooms, nicolae_qazlal_style_of_elements,
          nicolae_uskayaw_suspiria, uniq_menkaure, uniq_ijyb
D:6:      layout_loops_corners, mainiacjoe_overflow_alcove_4,
          hangedman_decor_slide_cut, uniq_blork_the_orc

Skill      XL: |  1  2  3  4  5 |
---------------+----------------+-----
Fighting       | 1 2 |  2.3
Dodging        | 2 |  2.5
Stealth        | 1 |  1.8
Spellcasting   | 3 |  3.2
Transmutations | 3 |  3.2
Short Blades   | 1 |  1.2
Unarmed Combat | |  3.8

Action                   |  1- 3 |  4- 6 || total
-------------------------+-------+-------++-------
Melee: Unarmed           |   108 |    30 ||   138
       Bite              |    22 |    16 ||    38
       Kick              |    13 |     7 ||    20
       Headbutt          |     8 |     4 ||    12
       Punch             |     2 |     1 ||     3
       Dagger            |       |    36 ||    36
 Cast: Beastly Appendage |    13 |     7 ||    20
       Wereblood         |     5 |     4 ||     9
  Use: Scroll            |     1 |     2 ||     3
       Potion            |       |     2 ||     2
 Stab: Sleeping          |       |     1 ||     1
Armor: Robe              |    28 |     8 ||    36
       Skin              |       |     4 ||     4
Dodge: Dodged            |   116 |    34 ||   150
       Repelled          |       |     1 ||     1

Table legend: (Time is in decaauts)
 A = Elapsed time spent in this place.
 B = Non-inter-level travel time spent in this place.
 C = Inter-level travel time spent in this place.
 D = Time resting spent in this place.
 E = Time spent auto-exploring this place.
 F = Levels seen in this place.
 G = Mean time per level.
                   A        B        C        D        E       F      G
               +--------+--------+--------+--------+--------+-----+--------+
         Total |   2407 |   2287 |    120 |      0 |   1833 |   6 |  401.2 |
       Dungeon |   2407 |   2287 |    120 |      0 |   1833 |   6 |  401.2 |
               +--------+--------+--------+--------+--------+-----+--------+

Top non-repeatable levels by time:
     D:1: 1348 daAuts
     D:2: 852 daAuts
     D:6: 101 daAuts
     D:5: 90 daAuts
     D:4: 8 daAuts
     D:3: 5 daAuts
